[Event "GER-ch Youth-U18w 2023"]
[Site "Willingen"]
[Date "2023.06.01"]
[Round "7.4"]
[White "Cordes, Jule"]
[Black "Reuter, Elisa"]
[Result "1/2-1/2"]
[Annotator "TA"]
[ECO "D91"]
[WhiteElo "1744"]
[BlackElo "1944"]
[PlyCount "61"]
[EventDate "2022.06.05"]
[EventType "swiss"]
[EventRounds "9"]
[EventCountry "GER"]
[SourceTitle "playchess.com"]
[Source "ChessBase"]
[SourceQuality "1"]
[TimeControl "40/4500+30:900+30"]

1. d4 Nf6 2. c4 g6 3. Nc3 d5 4. Nf3 Bg7 5. Bg5 Ne4 6. Bf4 Nxc3 7. bxc3 c5 8. cxd5 Qxd5 9. e3 O-O 10. Be2 cxd4 11. cxd4 Nc6 {[%emt 0:16:24] 11...Qa5+ might become the main line.} 12. O-O Bg4 13. h3 {[%emt 0:00:00] D91: Grünfeld: 4 Nf3 Bg7 5 Bg5.} Bxf3 ({Better is} 13... Bf5 $14) 14. Bxf3 $16 ({But not} 14. gxf3 $6 Qf5 $11) 14... Qd7 15. Qa4 {[%emt 0:00:00] White is better.} Rfd8 {[%emt 0:01:10][%cal Rc6d4] [#]} 16. d5 $146 {[%emt 0:35:29] [#] White is more active.} ({Predecessor:} 16. Bxc6 bxc6 17. Rfc1 Rac8 18. Rc5 Qb7 19. Rac1 Qb2 20. R5c2 Qb7 21. Rxc6 Rxc6 22. Qxc6 {1-0 Livaic,L (2576)-Dimitrov,A (2269) Titled Tuesday intern op 19th Jul Early blitz 2022 (3)}) 16... Nd4 $1 $11 17. Qxd7 Nxf3+ 18. gxf3 Rxd7 19. Rad1 Rad8 20. e4 e6 $1 21. d6 e5 22. Be3 b6 23. Rc1 ({Much weaker is} 23. Bg5 f6 24. Be3 Bf8 $17) (23. Rd5 $15) 23... Rxd6 $17 24. Rc7 R6d7 25. Rfc1 f6 26. a4 Kf7 (26... Bf8 $17) 27. a5 $1 $11 bxa5 28. Bxa7 $2 (28. R1c5 $11) 28... Ke8 $2 (28... a4 $19 {Strongly threatening ...a3.} 29. Be3 a3) 29. Bb6 {[%emt 0:01:50] The position is equal.} Rxc7 30. Rxc7 Rd7 {[%emt 0:00:17] White must now prevent ...Rxc7.} 31. Rxd7 {[%emt 0:02:27] Weighted Error Value: White=0.46/Black=0.34} 1/2-1/2

[Event "GER-ch Youth-U18w 2023"]
[Site "Willingen"]
[Date "2023.06.01"]
[Round "7.5"]
[White "Petersen, Sophie"]
[Black "Adelhardt, Lisa"]
[Result "1/2-1/2"]
[Annotator "NA RC COMBH"]
[ECO "B30"]
[WhiteElo "1763"]
[BlackElo "1656"]
[PlyCount "59"]
[EventDate "2022.06.05"]
[EventType "swiss"]
[EventRounds "9"]
[EventCountry "GER"]
[SourceTitle "playchess.com"]
[Source "ChessBase"]
[SourceQuality "1"]
[TimeControl "40/4500+30:900+30"]

1. e4 c5 2. Nf3 Nc6 3. Bb5 a6 4. Bxc6 dxc6 5. O-O g6 6. h3 Bg7 7. c3 e5 8. d3 Ne7 9. Be3 b6 10. Na3 Rb8 11. Nc4 Qc7 12. Qc1 h6 13. Ncxe5 Bxe5 14. Nxe5 f6 15. Nc4 g5 16. f4 Be6 17. Nd2 Bf7 18. Nf3 Ng6 19. e5 Qe7 20. fxg5 fxg5 21. e6 Bxe6 22. Re1 Kd7 23. d4 c4 24. Qc2 Rhg8 25. Rad1 Kc7 26. Bf2 Rbe8 27. Ne5 Nxe5 28. Rxe5 Qd7 29. Bg3 Kb7 30. Rde1 1/2-1/2

[Event "GER-ch Youth-U18w 2023"]
[Site "Willingen"]
[Date "2023.06.01"]
[Round "7.6"]
[White "Hafermann, Lara"]
[Black "Werner, Rosalie"]
[Result "1/2-1/2"]
[Annotator "NA RC COMBH"]
[ECO "C06"]
[WhiteElo "1498"]
[BlackElo "1751"]
[PlyCount "96"]
[EventDate "2022.06.05"]
[EventType "swiss"]
[EventRounds "9"]
[EventCountry "GER"]
[SourceTitle "playchess.com"]
[Source "ChessBase"]
[SourceQuality "1"]
[TimeControl "40/4500+30:900+30"]

1. e4 e6 2. d4 d5 3. Nd2 Nf6 4. e5 Nfd7 5. Bd3 c5 6. c3 Nc6 7. Ne2 cxd4 8. cxd4 f6 9. exf6 Nxf6 10. O-O Bd6 11. Nf3 O-O 12. Bf4 Bxf4 13. Nxf4 Ng4 14. Qd2 Qf6 15. Nh5 Qh6 16. Qxh6 Nxh6 17. Rac1 g6 18. Ng3 a6 19. Rc3 Nf7 20. a3 Bd7 21. Rfc1 Rfc8 22. b4 Nd6 23. Ne2 Kg7 24. Nf4 Kf6 25. Bf1 Ne4 26. Re3 Ne7 27. Rxc8 Rxc8 28. Ne5 Be8 29. f3 Nf5 30. Ng4+ Kf7 31. Re1 Nd2 32. Nxe6 Nxf1 33. Ng5+ Kg7 34. Kxf1 Bb5+ 35. Kg1 h6 36. Ne6+ Kf7 37. Nf4 Rc3 38. Nxd5 Rxa3 39. Ne5+ Kg7 40. Nc7 Nxd4 41. Ng4 h5 42. Nxb5 Nxb5 43. Ne3 Rd3 44. Kf2 Rd4 45. Nc2 Rc4 46. Re2 Kf7 47. Ke3 Kf6 48. Kd3 Rc3+ 1/2-1/2

[Event "GER-ch Youth-U18w 2023"]
[Site "Willingen"]
[Date "2023.06.01"]
[Round "7.7"]
[White "Kalina, Lena"]
[Black "Derling, Charlotte"]
[Result "1/2-1/2"]
[Annotator "NA RC COMBH"]
[ECO "E69"]
[WhiteElo "1776"]
[BlackElo "1664"]
[PlyCount "106"]
[EventDate "2022.06.05"]
[EventType "swiss"]
[EventRounds "9"]
[EventCountry "GER"]
[SourceTitle "playchess.com"]
[Source "ChessBase"]
[SourceQuality "1"]
[TimeControl "40/4500+30:900+30"]

1. d4 Nf6 2. c4 g6 3. Nf3 Bg7 4. g3 O-O 5. Bg2 d6 6. Nc3 c6 7. O-O Qa5 8. h3 e5 9. e4 Nbd7 10. Be3 Re8 11. a3 Qc7 12. Rc1 exd4 13. Nxd4 Nc5 14. Qc2 Ne6 15. Rfd1 Nxd4 16. Bxd4 Be6 17. b3 a6 18. Qd3 Red8 19. Na4 c5 20. Be3 Rab8 21. Nc3 Qd7 22. Bf4 Ne8 23. Kh2 b5 24. Rb1 Bd4 25. cxb5 axb5 26. Be3 Bxe3 27. Qxe3 Qa7 28. a4 bxa4 29. bxa4 Qa5 30. Rb5 Rxb5 31. axb5 Bc4 32. Bf1 Bxf1 33. Rxf1 Nc7 34. Rb1 Rb8 35. Qd3 Qb6 36. Nd5 Nxd5 37. Qxd5 Qc7 38. Qc4 Qb6 39. Qa4 Rb7 40. Qa8+ Kg7 41. Qa1+ f6 42. Kg2 Ra7 43. Qc3 Ra4 44. Qc2 Ra5 45. Qc4 Ra7 46. Qe6 Rb7 47. Rb3 Qc7 48. Rd3 Rb6 49. h4 Qf7 50. Qxf7+ Kxf7 51. Rb3 Ke6 52. Kf3 f5 53. exf5+ Kxf5 1/2-1/2

[Event "GER-ch Youth-U18w 2023"]
[Site "Willingen"]
[Date "2023.06.01"]
[Round "7.8"]
[White "Kieckbusch, Lotta"]
[Black "Doll, Rebecca"]
[Result "0-1"]
[Annotator "TA"]
[ECO "C54"]
[WhiteElo "1308"]
[BlackElo "1918"]
[PlyCount "92"]
[EventDate "2022.06.05"]
[EventType "swiss"]
[EventRounds "9"]
[EventCountry "GER"]
[SourceTitle "playchess.com"]
[Source "ChessBase"]
[SourceQuality "1"]
[TimeControl "40/4500+30:900+30"]

1. e4 e5 2. Nf3 Nc6 3. d4 exd4 4. Bc4 Bc5 5. c3 Nf6 6. e5 d5 7. Bb5 Ne4 8. cxd4 Bb6 9. O-O O-O 10. Nc3 Bg4 {[%emt 0:00:00][%cal Oc6d4] ...Nxd4! would be deadly. C54: Giuoco Piano: 4 c3 Nf6, main lines with 5 d4 and 5 d3.} 11. Bxc6 bxc6 12. Qd3 (12. h3 $5 Bf5 13. Be3 $11) 12... Bf5 {[%emt 0:00:00][%cal Oe4g3] The position is equal.} 13. Qe2 f6 14. Nh4 {[%emt 0:12:15] [#]} fxe5 $146 ({Predecessor:} 14... Nxc3 15. bxc3 fxe5 16. Nxf5 Rxf5 17. g4 Rf7 18. Qxe5 Qd7 19. h3 Re8 20. Qg3 c5 {½-½ Putnam,L (2331)-Swiercz,D (2647) Speed Chess GP1 blitz 2021 (5)}) 15. Nxf5 {[%emt 0:00:52][%mdl 64] [#] Remove Defender} Rxf5 16. Nxe4 dxe4 17. Qxe4 Rh5 18. dxe5 Qd5 19. Qxd5+ cxd5 20. Bf4 Rf5 21. Bg3 $36 {[%emt 0:02:33][%mdl 2048] White has the initiative.} Re8 (21... g5 $11 {deserves consideration.}) 22. Rfe1 (22. Rad1 $16) 22... Re6 23. Rad1 c6 24. Re2 Kf7 25. b4 d4 (25... a5 $14) 26. Rd3 g5 27. h3 Re8 28. Bh2 (28. Rc2 $16) 28... Ke6 $1 $11 29. Rd1 Kd5 30. g4 (30. Rc2 {looks sharper.} a5 31. Rdc1 d3 32. Rd1) 30... Rf7 31. Kf1 (31. a4 $11) 31... Re6 (31... Rf3 $1 $15) 32. a3 Kc4 33. Red2 {[%emt 0:03:22] [#]} (33. Kg2 $11) 33... Rf3 $1 $17 {[%emt 0:06:48][%csl LRa3,LRh3] Black is more active.} 34. Kg2 (34. Rc1+ $17 Kd5 35. a4) 34... Rxa3 $19 35. f4 (35. Rb1 $142) 35... gxf4 (35... Kxb4 36. f5 Re8 37. e6 $18) 36. Bxf4 Rb3 {[%emt 0:02:10] Dodges Rb1} (36... Kxb4 $2 37. Rb1+ Kc4 38. Bg3 $19) 37. h4 Rxb4 (37... Kxb4 $2 {is the wrong capture.} 38. Rxd4+ Bxd4 39. Rxd4+ Kc5 40. Rd7 $19) 38. Kf3 (38. Rf2 $142) 38... Kd5 39. g5 Bc7 40. Ra2 a5 (40... Bxe5 $2 {too greedy.} 41. Bxe5 Rxe5 42. Rxa7 Re3+ 43. Kf4 Re4+ 44. Kf5 Rxh4 45. Rd7+ Kc4 46. Rc1+ Kd3 47. Rxc6 $19) 41. Bd2 Rb7 42. Bf4 c5 (42... Bxe5 $2 {loses.} 43. Rxa5+ c5 44. Bxe5 Rxe5 45. Rc1 Re3+ 46. Kg4 Re4+ 47. Kh5 $19) 43. h5 (43. Rc1 $142) 43... Bxe5 44. Bxe5 Rxe5 45. Rxa5 Rxg5 {[%emt 0:00:35] aiming for ...Rf7+.} 46. Rc1 Rc7 {[%emt 0:00:38] Weighted Error Value: White=0.67/Black=0.14 (very precise)} (46... Rxh5 $2 47. Rcxc5+ Ke6 48. Rxh5 $18) (46... Rf7+ $142 47. Ke2 Rg2+ 48. Ke1 Rg1+ {[%mdl 64] Skewer} 49. Ke2 Rxc1 50. Kd2 Rh1 51. Kc2 Rf3 52. Rxc5+ Kxc5 53. Kd2 Rf2+ 54. Kd3 Rh3+ 55. Ke4 Re3#) 0-1

[Event "GER-ch Youth-U18w 2023"]
[Site "Willingen"]
[Date "2023.06.01"]
[Round "7.9"]
[White "Dohon, Maria-Johanna"]
[Black "Henninger, Claire"]
[Result "0-1"]
[Annotator "NA RC COMBH"]
[ECO "B12"]
[WhiteElo "1507"]
[BlackElo "1610"]
[PlyCount "78"]
[EventDate "2022.06.05"]
[EventType "swiss"]
[EventRounds "9"]
[EventCountry "GER"]
[SourceTitle "playchess.com"]
[Source "ChessBase"]
[SourceQuality "1"]
[TimeControl "40/4500+30:900+30"]

1. e4 c6 2. d4 d5 3. e5 Bf5 4. h4 h6 5. g4 Be4 6. f3 Bh7 7. e6 fxe6 8. Bd3 Bxd3 9. Qxd3 Nf6 10. Ne2 Qa5+ 11. Bd2 Qb5 12. Qg6+ Kd7 13. Nbc3 Qa6 14. O-O c5 15. Rfe1 Nc6 16. f4 cxd4 17. Nd1 Ne4 18. Bc1 d3 19. cxd3 Qxd3 20. a3 Nf2 21. f5 Nh3+ 22. Kg2 e5 23. Qe6+ Kc7 24. Ndc3 e4 25. Nxd5+ Kd8 26. Ne3 Qxe2+ 27. Rxe2 Nf4+ 28. Kf2 Nxe6 29. fxe6 Ne5 30. b4 g5 31. h5 Bg7 32. Raa2 Nd3+ 33. Kf1 Nxc1 34. Red2+ Nd3 35. Rac2 Rc8 36. Nd5 Rxc2 37. Rxc2 Rf8+ 38. Kg1 Bd4+ 39. Kh2 Rf2+ 0-1

[Event "GER-ch Youth-U18w 2023"]
[Site "Willingen"]
[Date "2023.06.01"]
[Round "7.10"]
[White "Evering, Enna"]
[Black "Zoellner, Bente"]
[Result "0-1"]
[Annotator "NA RC COMBH"]
[ECO "B33"]
[WhiteElo "1548"]
[BlackElo "1700"]
[PlyCount "58"]
[EventDate "2022.06.05"]
[EventType "swiss"]
[EventRounds "9"]
[EventCountry "GER"]
[SourceTitle "playchess.com"]
[Source "ChessBase"]
[SourceQuality "1"]
[TimeControl "40/4500+30:900+30"]

1. e4 c5 2. Nf3 Nc6 3. d4 cxd4 4. Nxd4 Nf6 5. Nc3 e5 6. Ndb5 d6 7. Nd5 Nxd5 8. exd5 Nb8 9. a4 Be7 10. Be2 O-O 11. Bd2 Nd7 12. O-O Nf6 13. Be3 b6 14. a5 Bb7 15. c4 bxa5 16. Nxa7 Ne4 17. Qa4 Bg5 18. Qxa5 Bxe3 19. fxe3 Qg5 20. Ra3 Bc8 21. Bf3 Nc5 22. Qc7 e4 23. Be2 Nd3 24. Bxd3 Qxe3+ 25. Kh1 exd3 26. Nxc8 Raxc8 27. Qxd6 Qe2 28. Kg1 Rxc4 29. Qa6 Rc2 0-1

[Event "GER-ch Youth-U18w 2023"]
[Site "Willingen"]
[Date "2023.06.01"]
[Round "7.11"]
[White "Glowiak, Alexandra"]
[Black "Avetyan, Manan"]
[Result "1-0"]
[Annotator "NA RC COMBH"]
[ECO "C54"]
[WhiteElo "1660"]
[BlackElo "1368"]
[PlyCount "90"]
[EventDate "2022.06.05"]
[EventType "swiss"]
[EventRounds "9"]
[EventCountry "GER"]
[SourceTitle "playchess.com"]
[Source "ChessBase"]
[SourceQuality "1"]
[TimeControl "40/4500+30:900+30"]

1. e4 e5 2. Nf3 Nc6 3. Bc4 Bc5 4. c3 Nf6 5. d3 d6 6. O-O a6 7. Bb3 h6 8. Re1 Ba7 9. Bc2 Bg4 10. Be3 Bxe3 11. Rxe3 Qd7 12. Nbd2 Bh5 13. Nf1 g5 14. Ng3 Bg6 15. d4 O-O-O 16. Qd2 Qe7 17. Rd1 Bh7 18. dxe5 dxe5 19. Qe2 Rhg8 20. Rxd8+ Rxd8 21. Nf5 Qe6 22. Bb3 Qd7 23. Nxh6 Bg6 24. Nxg5 Rf8 25. Qf3 Qe7 26. Nf5 Bxf5 27. Qxf5+ Kb8 28. Nh7 Nxh7 29. Qxh7 Na5 30. h4 Qd7 31. Qh5 f6 32. Qe2 Rh8 33. h5 Nxb3 34. axb3 Qe6 35. b4 Qf7 36. Rh3 f5 37. exf5 Qxf5 38. h6 Qg5 39. Qe3 Qf6 40. h7 Qf5 41. Qh6 Qf7 42. g4 Qd7 43. Qg6 Qd1+ 44. Kh2 Qf1 45. Qg8+ Ka7 1-0

[Event "GER-ch Youth-U18w 2023"]
[Site "Willingen"]
[Date "2023.06.01"]
[Round "7.12"]
[White "Foltin, Alica"]
[Black "Gossing, Marie-Sophie"]
[Result "1-0"]
[Annotator "NA RC COMBH"]
[ECO "A45"]
[WhiteElo "1540"]
[BlackElo "1395"]
[PlyCount "99"]
[EventDate "2022.06.05"]
[EventType "swiss"]
[EventRounds "9"]
[EventCountry "GER"]
[SourceTitle "playchess.com"]
[Source "ChessBase"]
[SourceQuality "1"]
[TimeControl "40/4500+30:900+30"]

1. d4 Nf6 2. Bg5 g6 3. Bxf6 exf6 4. c4 Bg7 5. Nc3 O-O 6. Nf3 d6 7. e3 Nd7 8. Bd3 f5 9. Qc2 c5 10. d5 Ne5 11. Nxe5 Bxe5 12. O-O-O Qa5 13. Kb1 Bxc3 14. Qxc3 Qxc3 15. bxc3 Bd7 16. Rd2 a6 17. Rb2 Rfb8 18. Rb6 Be8 19. Kc2 Kf8 20. Rhb1 Ra7 21. f3 Ke7 22. e4 fxe4 23. fxe4 f6 24. Kd2 Kd7 25. Be2 Kc7 26. Bg4 Bd7 27. Bxd7 Kxd7 28. a4 a5 29. Rf1 Kc7 30. Rb2 Rf8 31. Ke3 Raa8 32. Rbf2 f5 33. exf5 Rae8+ 34. Kd3 g5 35. Re2 Kd7 36. Re6 h5 37. h3 Kc7 38. g4 hxg4 39. hxg4 Rh8 40. Rxe8 Rxe8 41. f6 Kd7 42. Rh1 Rf8 43. Rh6 b6 44. Ke4 Re8+ 45. Kf5 Re5+ 46. Kg6 Re8 47. Rh7+ Kd8 48. f7 Rf8 49. Kf6 Kd7 50. Rg7 1-0

[Event "GER-ch Youth-U18w 2023"]
[Site "Willingen"]
[Date "2023.06.02"]
[Round "8.1"]
[White "Reuter, Elisa"]
[Black "Heutling, Elina"]
[Result "1-0"]
[Annotator "TA"]
[ECO "B92"]
[WhiteElo "1944"]
[BlackElo "1878"]
[PlyCount "89"]
[EventDate "2022.06.05"]
[EventType "swiss"]
[EventRounds "9"]
[EventCountry "GER"]
[SourceTitle "playchess.com"]
[Source "ChessBase"]
[SourceQuality "1"]
[TimeControl "40/4500+30:900+30"]

1. e4 c5 2. Nf3 d6 3. d4 cxd4 4. Nxd4 Nf6 5. Nc3 a6 6. Be2 e5 7. Nb3 Be7 8. O-O O-O 9. Kh1 b6 10. Be3 Bb7 11. f3 b5 12. a4 {[%emt 0:00:00] B92: Sicilian Najdorf: 6 Be2.} b4 13. Nd5 Nxd5 14. exd5 {[%emt 0:00:00] The position is equal.} Nd7 15. c3 bxc3 16. bxc3 Bg5 17. Bxg5 Qxg5 {[%emt 0:00:00] [#]} 18. a5 $146 ({Predecessor:} 18. Rb1 Qd8 19. c4 Qc7 20. c5 Nxc5 21. Nxc5 dxc5 22. a5 Qd7 23. Qc2 c4 24. Bxc4 {1-0 Deepan Chakkravarthy,J (2534)-Can,E (2586) Dubai op 21st 2019 (4)}) 18... f5 19. c4 Rf6 20. Qd2 f4 21. Bd3 Rh6 {[%emt 0:02:42] [#]} (21... Qh5 $5 ) 22. g3 Qxg3 $17 {[%emt 0:01:34] aiming for ...Bc8.} 23. Qg2 {[%emt 0:06:19] [#]} ({Better is} 23. Qe2 $1 $15) 23... Qh4 (23... Nf6 $1 $17 {...Bc8 would be deadly.} 24. Nd2 Bc8) 24. Rg1 $11 g6 25. Ra2 Nf6 {[%emt 0:08:17] Strongly threatening ...Nh5.} 26. Qg5 {[%emt 0:02:20] Prevents Nh5.} Qxg5 27. Rxg5 Bc8 28. Nd2 $1 Rb8 {[%emt 0:05:11] Prevents Rb2.} 29. Rg1 (29. c5 $1 $11 {keeps the balance.}) 29... Rh3 (29... Kf7 $17 30. Rb1 Rxb1+ 31. Bxb1 g5) 30. Rb1 $1 Rxb1+ 31. Bxb1 Bf5 {[%emt 0:05:28] Hoping for ...Bxb1.} 32. Rb2 Bxb1 33. Rxb1 {[%emt 0:00:03][%mdl 4096] Endgame KRN-KRN} e4 $2 34. Kg2 $18 Rh5 (34... Rh4 {is a better chance.}) 35. Nxe4 Nxe4 36. fxe4 {[%emt 0:00:05] KR-KR} f3+ 37. Kxf3 Rh3+ 38. Kf4 {[%emt 0:01:06] And now e5 would win.} Rc3 (38... Rh4+ $142 39. Ke3 Rh3+ 40. Kd4 Rxh2) 39. Rb6 Rxc4 40. Rxd6 Kf7 41. Rxa6 Ra4 42. Ke5 {[%emt 0:00:00] White mates.} Ke7 43. Ra7+ Ke8 44. Rxh7 Rxa5 45. Ke6 {[%emt 0:00:00] Weighted Error Value: White=0.17 (very precise) /Black=0.60} 1-0

[Event "GER-ch Youth-U18w 2023"]
[Site "Willingen"]
[Date "2023.06.02"]
[Round "8.2"]
[White "Wagner, Margarethe"]
[Black "Adelhardt, Lisa"]
[Result "1-0"]
[Annotator "NA RC COMBH"]
[ECO "B44"]
[WhiteElo "1831"]
[BlackElo "1656"]
[PlyCount "139"]
[EventDate "2022.06.05"]
[EventType "swiss"]
[EventRounds "9"]
[EventCountry "GER"]
[SourceTitle "playchess.com"]
[Source "ChessBase"]
[SourceQuality "1"]
[TimeControl "40/4500+30:900+30"]

1. e4 c5 2. Nf3 Nc6 3. d4 cxd4 4. Nxd4 e6 5. Be3 Nf6 6. Nxc6 bxc6 7. Bd3 d5 8. exd5 cxd5 9. O-O Be7 10. Bd4 O-O 11. Re1 Re8 12. Nd2 Nd7 13. Nf3 Bf6 14. Bb5 Rb8 15. Bxd7 Qxd7 16. b3 Bxd4 17. Qxd4 f6 18. Rad1 Qc7 19. Qd3 Rb6 20. Qd2 Kf7 21. Rc1 Ba6 22. Nd4 e5 23. Nf5 Qd7 24. Ne3 Rd6 25. Qd1 g6 26. Qf3 Bb7 27. Qg3 f5 28. Qh4 Kg7 29. Qb4 ({Better is} 29. f4 $15) 29... Qc6 (29... f4 $17 30. Nd1 Rb6) 30. f3 Qb6 31. Qxb6 axb6 32. a4 Ba6 33. c4 dxc4 34. Nxc4 Bxc4 35. Rxc4 Re7 36. Rec1 Kf6 37. b4 Ra7 38. b5 Ke6 39. Kf1 Kd7 40. Ke2 Rd5 41. R1c3 Rd6 42. Rh4 Ke6 43. Rhc4 Rad7 44. Rc6 Ke7 45. Rxd6 Rxd6 46. Rc7+ Rd7 47. Rc8 Rd4 48. Rc7+ Rd7 49. Rc4 Rd6 50. g3 Kd7 51. h4 h6 $11 52. Ke3 h5 53. Ke2 Ke6 54. Ke3 Kd5 55. Kd3 Re6 56. Rc8 e4+ 57. fxe4+ fxe4+ (57... Rxe4 $11 58. Rc6 Rxa4 59. Rxg6 Ra3+ 60. Kc2 Kd4) 58. Ke3 Ke5 (58... Re5 $142) 59. Rc4 (59. Rc6 $16 Rxc6 {[%mdl 64] Remove Defender} 60. bxc6) 59... Kf5 $2 (59... Kd5 $16 60. Rd4+ Kc5 61. Rxe4 Rf6) 60. Rc6 Rxc6 61. bxc6 Ke6 62. c7 Kd7 63. c8=Q+ Kxc8 64. Kxe4 Kd7 65. Kd5 Kc7 66. Ke6 Kc6 67. Kf6 Kc5 68. Kxg6 Kb4 69. Kxh5 Kxa4 70. g4 1-0

[Event "GER-ch Youth-U18w 2023"]
[Site "Willingen"]
[Date "2023.06.02"]
[Round "8.3"]
[White "Cordes, Jule"]
[Black "Groeschel, Karoline"]
[Result "0-1"]
[Annotator "NA RC COMBH"]
[ECO "E32"]
[WhiteElo "1744"]
[BlackElo "1892"]
[PlyCount "108"]
[EventDate "2022.06.05"]
[EventType "swiss"]
[EventRounds "9"]
[EventCountry "GER"]
[SourceTitle "playchess.com"]
[Source "ChessBase"]
[SourceQuality "1"]
[TimeControl "40/4500+30:900+30"]

1. d4 Nf6 2. c4 e6 3. Nc3 Bb4 4. Qc2 O-O 5. Nf3 d5 6. cxd5 exd5 7. Bg5 c5 8. e3 c4 9. Be2 h6 10. Bh4 g5 11. Bg3 Ne4 (11... Nc6 $11) 12. O-O Bxc3 13. bxc3 Bf5 14. Qb2 Qb6 15. Qa3 $1 ({But not} 15. Qxb6 axb6 16. Rfc1 Ra3 $17) 15... Nc6 16. Rfc1 Qa5 (16... h5 $15) 17. Qb2 b5 18. a3 Qb6 19. Nd2 Nxg3 20. hxg3 Rfd8 21. g4 Bg6 22. Bf3 Na5 23. Re1 Rab8 24. e4 dxe4 25. Nxe4 Nb3 26. Rad1 a5 27. Nd2 Nxd2 28. Rxd2 b4 29. axb4 axb4 30. cxb4 Qxb4 31. Qxb4 Rxb4 32. Rc1 ({White should play} 32. Re3) 32... Bd3 ({Black should try} 32... Rb1 $17 33. Rdd1 Rxc1 34. Rxc1 Bd3) 33. d5 Rd6 34. Ra2 {[%emt 0:00:41] [#]} (34. Rdd1 $11 {remains equal.}) 34... Kg7 $1 35. Ra7 (35. Rd2 $15) 35... Kf6 36. Rc7 Rdb6 37. Kh2 Rb2 38. Kg3 Rd6 39. Rc8 Ke5 40. Rc6 Rb6 41. Kh2 $2 ({Of course not} 41. Re1+ Kd4 42. Rc7 c3 $17) (41. Ra1 $1 $15) 41... Rdxc6 {[%emt 0:00:00] Remove Defender} 42. dxc6 {[%emt 0:00:00] [#]} Kd6 (42... Rb5 $1 $19 {and Black stays clearly on top.} 43. Kg3 (43. c7 $2 Rc5 $19) 43... Rc5 44. Re1+ Kd4) 43. Kg1 (43. Ra1 $17 Rb5 44. Ra7) 43... Rb3 $2 ({Stronger than} 43... Rb1 44. Rxb1 Bxb1 45. Kf1) (43... Rb8 $19 44. Rd1 Kc7) 44. Bd5 $1 {[%emt 0:01:17] Promotion} Rb4 45. g3 {[%emt 0:09:11] [#]} Kc7 (45... Kxd5 $2 46. c7 Rb1 47. Rxb1 (47. c8=R Rxc1+ 48. Kg2 Be4+ 49. f3 Rc2+ {[%mdl 64] Deflection} 50. Kg1 Bxf3 51. Rd8+ Ke4 52. Re8+ Kd4 53. Kf1 c3 54. Re7 Rh2 55. Kg1 Rd2 56. Kf1 c2 57. Rc7 Ke3 58. Rc3+ Rd3 59. Rxd3+ Kxd3 60. Kg1 Ke3 61. Kh2 c1=Q 62. Kh3 Qh1#) 47... Bxb1 48. c8=Q $18 (48. c8=B {gets mated.} c3 49. Kh1 c2 50. Kg2 c1=Q 51. Bb7+ Kd4 52. Bf3 Bd3 53. Bb7 Qf1+ {[%mdl 64] Deflection} 54. Kh2 Qxf2+ 55. Kh1 Ke3 56. Bg2 Qxg3 57. Kg1 Be4 58. Kh1 Qxg2#)) ({Black should try} 45... f5 $1 $17 46. c7 Kxc7 47. gxf5 Kd6) 46. Kg2 f6 47. Kg1 Rb5 48. Bf3 Rc5 49. Rc3 $19 (49. Bh1 $142) 49... Kd6 50. Bg2 Ke5 51. Bf1 Bxf1 52. Kxf1 Kd4 53. Rc1 Rxc6 54. Ke2 c3 0-1

[Event "GER-ch Youth-U18w 2023"]
[Site "Willingen"]
[Date "2023.06.02"]
[Round "8.4"]
[White "Petersen, Sophie"]
[Black "Albayrak, Nese Pinar"]
[Result "0-1"]
[Annotator "NA RC COMBH"]
[ECO "E71"]
[WhiteElo "1763"]
[BlackElo "1763"]
[PlyCount "74"]
[EventDate "2022.06.05"]
[EventType "swiss"]
[EventRounds "9"]
[EventCountry "GER"]
[SourceTitle "playchess.com"]
[Source "ChessBase"]
[SourceQuality "1"]
[TimeControl "40/4500+30:900+30"]

1. d4 Nf6 2. c4 g6 3. Nc3 Bg7 4. e4 d6 5. h3 O-O 6. Be3 e5 7. d5 Na6 8. g4 Nc5 9. f3 a5 10. Nge2 h5 11. Bg5 Qe8 12. Ng3 Nh7 13. h4 Nxg5 14. hxg5 Qd8 15. Qd2 hxg4 16. Qh2 Re8 17. Qh4 gxf3 18. O-O-O Kf8 19. Kc2 Ke7 20. Qh7 Rg8 21. Rd2 Qf8 22. Qh2 Bg4 23. Qh4 Bd7 24. Qh2 Bg4 25. Qg1 f5 26. gxf6+ Qxf6 27. Nb5 Raf8 28. Qf2 Kd8 29. Bh3 Qf4 30. Bxg4 Nxe4 31. Nxe4 Qxe4+ 32. Kc1 Qxg4 33. Rh4 Qg5 34. Nxd6 cxd6 35. Qb6+ Kc8 36. c5 f2 37. Kc2 Qxh4 0-1

[Event "GER-ch Youth-U18w 2023"]
[Site "Willingen"]
[Date "2023.06.02"]
[Round "8.5"]
[White "Buchholz, Maja Patricia"]
[Black "Hafermann, Lara"]
[Result "1-0"]
[Annotator "NA RC COMBH"]
[ECO "E17"]
[WhiteElo "1899"]
[BlackElo "1498"]
[PlyCount "37"]
[EventDate "2022.06.05"]
[EventType "swiss"]
[EventRounds "9"]
[EventCountry "GER"]
[SourceTitle "playchess.com"]
[Source "ChessBase"]
[SourceQuality "1"]
[TimeControl "40/4500+30:900+30"]

1. c4 Nf6 2. g3 e6 3. Bg2 d5 4. Nf3 Be7 5. b3 b6 6. cxd5 Nxd5 7. Bb2 O-O 8. O-O Bb7 9. d4 c5 10. Nbd2 Nd7 11. Nc4 Rc8 12. Rc1 (12. e4 $5 N5f6 13. e5 $11) 12... Rc7 13. e4 N5f6 14. e5 Nd5 15. h4 h6 16. Qe2 Qa8 17. Rfd1 Rfc8 18. Ba1 a6 (18... cxd4 $11 19. Nxd4 a6) 19. Bb2 $17 (19. Nd6 $14 {stays ahead.}) 1-0